 Dungeon Crawl Stone Soup version 0.23.2 (webtiles) character file.

Game seed: 4853101797685555308

327 redwoodhats the Slasher (level 6, -7/48 HPs)
             Began as a Merfolk Monk on Apr 4, 2019.
             Was a Priest of Zin.
             Killed by divine providence
             ... invoked by an orc priest
              (12 damage)
             ... on level 4 of the Dungeon.
             The game lasted 00:14:56 (2519 turns).

redwoodhats the Slasher (Merfolk Monk)              Turns: 2519, Time: 00:14:56

Health: -7/48      AC:  6    Str: 13    XL:     6   Next: 50%
Magic:  6/6        EV: 13    Int:  8    God:    Zin [***...]
Gold:   149        SH:  8    Dex: 16    Spells: 5/5 levels left

rFire    . . .     SeeInvis .   a - +1 falchion
rCold    . . .     Gourm    .   n - +1 shield
rNeg     . . .     Faith    .   b - +0 robe
rPois    .         Spirit   .   (no helmet)
rElec    .         Reflect  .   k - +0 cloak
rCorr    .         Harm     .   d - +0 pair of gloves
MR       .....                  (no boots)
Stlth    +++.......             (no amulet)
HPRegen  0.16/turn              (no ring)
MPRegen  0.10/turn              (no ring)

@: no status effects
A: change form in water, swift swim, stealthy swim, yellow scales 1, blurry
vision 1, dopey 1, subdued magic 1
a: Recite, Vitalisation, Imprison, Donate Gold, Renounce Religion


You were on level 4 of the Dungeon.
You worshipped Zin.
Zin was most pleased with you.
You were not hungry.

You visited 1 branch of the dungeon, and saw 4 of its levels.

You collected 165 gold pieces.
You donated 16 gold pieces to Zin.

Inventory:

Hand Weapons
 a - a +1 falchion (weapon)
Missiles
 q - 6 tomahawks (quivered)
Armour
 b - a +0 robe (worn)
 d - a +0 pair of gloves (worn)
 k - a +0 cloak (worn)
 n - a +1 shield (worn)
Wands
 e - a wand of paralysis (4)
Scrolls
 g - a scroll of identify
 i - a scroll of teleportation
Potions
 f - a potion of haste
 h - 2 potions of heal wounds
 l - 2 potions of brilliance
Comestibles
 c - 5 rations


   Skills:
 + Level 4.2 Fighting
 + Level 5.6 Long Blades
 + Level 5.5 Dodging
 + Level 3.5 Stealth
 + Level 0.9 Shields
 + Level 0.7 Invocations


You had 5 spell levels left.
You didn't know any spells.
Your spell library was empty.

Dungeon Overview and Level Annotations

Branches:
Dungeon (4/15)
 Temple: D:4-7

Altars:
Vehumet
Zin


Innate Abilities, Weirdness & Mutations

You revert to your normal form in water You are very nimble and swift while swimming.
You are very stealthy in the water. (Stealth+)
You are partially covered in yellow scales. (AC +2)
Scrolls take you a little longer to read.
You are dopey. (Int -2)
Your spells are a little easier to cast, but a little less powerful.


Message History

You hit the orc but do no damage.
The orc is moderately wounded.
The orc priest calls upon Beogh to heal the orc.
The orc's wounds heal themselves!
The orc hits you but does no damage. You block the orc's attack.
The orc hits you with a +0 flail! The orc priest hits you with a +0 whip.
* * * LOW HITPOINT WARNING * * *
You block the orc's attack.
You see here a ball python corpse.
The orc hits you with a +0 dagger.
* * * LOW HITPOINT WARNING * * *
You are ready to recite again.
Found a scroll of teleportation.
The orc priest mumbles some strange prayers to Beogh against you.
Beogh smites you!
* * * LOW HITPOINT WARNING * * *
The orc priest looks braver for a moment.
The orc priest calls down the wrath of Beogh upon you.
Beogh smites you!
You die...

#...†....####
#..).........
####...##.##.
#...#...#.
#.s.......
#.oo#.....
#..o##..#.
#.o.......
#.@##..#..
#..# ....#
#..? ....
#..#? .#..
#..##. .#
#... .. #...
## ####


You could see an orc priest, 3 orcs and a giant cockroach.

Vanquished Creatures
  An ogre (D:4)
  An orc wizard (D:4)
  A hound (D:3)
  Jessica (D:2)
  6 adders
  An ooze (D:1)
  A worm (D:2)
  6 dart slugs (D:3)
  A leopard gecko (D:3)
  7 orcs (D:3)
  5 ball pythons
  4 giant cockroaches
  6 goblins
  8 hobgoblins
  4 jackals (D:3)
  11 kobolds
  2 quokkas
  5 bats
  6 frilled lizards
  5 rats
82 creatures vanquished.

Vanquished Creatures (others)
  An adder (D:3)
  A dart slug (D:3)
  An orc (D:3)
3 creatures vanquished.

Grand Total: 85 creatures vanquished

Notes
Turn   | Place    | Note
-------+----------+-------------------------------------------
     0 | D:1      | redwoodhats the Merfolk Monk began the quest for the Orb.
     0 | D:1      | Reached XP level 1. HP: 18/18 MP: 1/1
    56 | D:1      | You fall through a shaft!
   143 | D:2      | Reached XP level 2. HP: 24/24 MP: 2/2
   569 | D:1      | Reached XP level 3. HP: 29/29 MP: 3/3
   807 | D:1      | Gained mutation: You are partially covered in molten
                  | scales. (AC +2) [potion of mutation]
   807 | D:1      | Gained mutation: Your spells are a little easier to cast,
                  | but a little less powerful. [potion of mutation]
   807 | D:1      | Gained mutation: Your muscles are strong. (Str +2) [potion
                  | of mutation]
  1004 | D:2      | Reached XP level 4. HP: 29/37 MP: 4/4
  1054 | D:2      | Noticed Jessica
  1060 | D:2      | Killed Jessica
  1407 | D:2      | Reached skill level 5 in Dodging
  1407 | D:2      | Reached XP level 5. HP: 42/42 MP: 5/5
  1616 | D:3      | Found a glowing silver altar of Zin.
  1640 | D:3      | Lost mutation: Your muscles are strong. (Str +2) [potion of
                  | mutation]
  1640 | D:3      | Lost mutation: You are partially covered in molten scales.
                  | (AC +2) [potion of mutation]
  1640 | D:3      | Gained mutation: You are dopey. (Int -2) [potion of
                  | mutation]
  1640 | D:3      | Gained mutation: Scrolls take you a little longer to read.
                  | [potion of mutation]
  1640 | D:3      | Gained mutation: You are partially covered in yellow
                  | scales. (AC +2) [potion of mutation]
  1650 | D:3      | Became a worshipper of Zin the Law-Giver
  1650 | D:3      | Reached * piety under Zin
  1650 | D:3      | Reached ** piety under Zin
  1769 | D:3      | Reached skill level 5 in Long Blades
  1835 | D:3      | Found a radiant altar of Vehumet.
  2097 | D:3      | Reached *** piety under Zin
  2491 | D:4      | Noticed an ogre
  2494 | D:4      | Killed an ogre
  2494 | D:4      | Reached XP level 6. HP: 48/48 MP: 6/6
  2519 | D:4      | Killed from afar by an orc priest

Skill      XL: |  1  2  3  4  5 |
---------------+----------------+-----
Long Blades    | 4 5 |  5.6
Stealth        | 3 |  3.5
Dodging        | 5 |  5.5
Fighting       | 4 |  4.2
Shields        | |  0.9
Invocations    | |  0.7

Action                   |  1- 3 |  4- 6 || total
-------------------------+-------+-------++-------
Melee: Falchion          |    63 |   160 ||   223
       Tailslap          |       |     2 ||     2
Invok: Recite            |       |     4 ||     4
  Use: Potion            |     4 |     4 ||     8
       Scroll            |     2 |     4 ||     6
 Stab: Sleeping          |     5 |     4 ||     9
       Confused          |       |     1 ||     1
  Eat: Ration            |       |     2 ||     2
Armor: Robe              |    12 |    46 ||    58
Dodge: Dodged            |    44 |   141 ||   185
Block: Shield            |       |    26 ||    26
       Rpst.: Falchion   |    15 |    42 ||    57
